 Dungeon Crawl Stone Soup version 0.31.0-9-g3a7656b989 (webtiles) character file.

Game seed: 13759778071630927176

579 Gottschkopf the Twirler (level 7, -2/60 HPs)
             Began as a Minotaur Fighter on Jan 28, 2024.
             Was a Follower of Ru.
             Slain by an orc priest
             ... wielding a +2 flail of holy wrath
              (8 damage)
             ... on level 4 of the Dungeon.
             The game lasted 00:06:13 (3025 turns).

Gottschkopf the Twirler (Minotaur Fighter)          Turns: 3025, Time: 00:06:14

Health: -2/60      AC:  9    Str: 21    XL:     7   Next: 13%
Magic:  6/6        EV:  9    Int:  4    God:    Ru [*.....]
Gold:   166        SH:  0    Dex: 14    Spells: 6/6 levels left

rFire   . . .        k - +2 quarterstaff (chaos)
rCold   . . .        (shield currently unavailable)
rNeg    . . .        b - +0 scale mail
rPois   .            (helmet restricted)
rElec   .            e - +0 cloak
rCorr   .            (no gloves)
SInv    .            c - +0 pair of boots
Will    .....        (no amulet) Stlth
                     (no ring)
HPRegen 0.30/turn    (no ring)
MPRegen 0.10/turn

%: no passive effects
@: no status effects
A: horns 2, inability to train dodging, retaliatory headbutt, agile 1, inability
to drink after injury 1
a: Renounce Religion


You were on level 4 of the Dungeon.
You worshipped Ru.
Ru was aware of your devotion.
You visited 1 branch of the dungeon, and saw 4 of its levels.

You collected 166 gold pieces.

Inventory:

Hand Weapons
 a - a +0 flail
 k - a +2 quarterstaff of chaos (weapon)
Missiles
 r - 2 throwing nets (quivered)
Armour
 b - a +0 scale mail (worn)
 c - a +0 pair of boots (worn)
 e - a +0 cloak (worn)
 i - a +0 tower shield
Magical Staves
 n - a staff of fire
Wands
 m - a wand of roots (8)
Scrolls
 f - 2 scrolls of fog {unknown}
 g - a scroll of noise {unknown}
 h - 5 scrolls of identify {unknown}
 o - a scroll of silence {unknown}
 q - a scroll of vulnerability {unknown}
 t - a scroll of revelation {unknown}
 w - a scroll of teleportation {unknown}
Potions
 d - a potion of might
 l - a potion of invisibility {unknown}
 p - a potion of curing {unknown}
 s - a potion of berserk rage {unknown}
 u - 2 potions of heal wounds {unknown}
 v - a potion of lignification {unknown}
 x - a potion of enlightenment {unknown}


   Skills:
 - Level 4.8 Fighting
 - Level 2.4(5.1) Maces & Flails
 * Level 7.1(7.3) Staves
 - Level 4.8 Armour
 - Level 4.8 Shields


You had 6 spell levels left.
You didn't know any spells.
Your spell library was empty.

Dungeon Overview and Level Annotations

Branches:
Dungeon (4/15)             Temple (0/1) D:4

Altars:
Ru


Innate Abilities, Weirdness & Mutations

You have a pair of horns on your head.
You cannot train Dodging skill.
You reflexively headbutt those who attack you in melee.
You are agile. (Dex +4, Str/Int -1)
You occasionally lose the ability to drink potions when taking damage.


Message History

Duvessa is severely wounded.
Duvessa is stunned by your conviction and fails to attack.
Your kobold zombie barely misses Duvessa.
Duvessa barely misses you.
You hit Duvessa. You headbutt Duvessa, but do no damage.
Duvessa is severely wounded.
Duvessa hits you with a +0 rapier!
Your kobold zombie barely misses Duvessa.
You hit Duvessa but do no damage.
The your quarterstaff of chaos misses Duvessa.
You headbutt Duvessa, but do no damage.
Duvessa is severely wounded.
Duvessa closely misses you.
Your kobold zombie hits Duvessa but does no damage.
You hit Duvessa. You burn Duvessa.
Duvessa is severely wounded.
Duvessa hits you with a +0 rapier. Duvessa hits you with a +0 rapier!
* * * LOW HITPOINT WARNING * * *
You sock Duvessa! You burn Duvessa.
You kill Duvessa!
You hear a distant wail of despair.
An orc priest comes into view.
It is wielding a +2 flail of holy wrath.
Your Staves skill increases to level 7!
You have reached level 7!
You swap places.
An orc comes into view. It is wielding a +0 short sword.
The orc shouts!
An orc priest comes into view. It is wielding a +0 flail.
The orc priest hits you with a +2 flail of holy wrath.
* * * LOW HITPOINT WARNING * * *
The orc moves out of view.
It was a potion of mutation.
You feel extremely strange.
You occasionally lose the ability to drink potions when taking damage.
You feel agile.
The orc priest shouts!
The orc priest closely misses you. You furiously retaliate!
You headbutt the orc priest. You sock the orc priest!
The orc priest is severely wounded.
The orc priest hits you with a +2 flail of holy wrath!
You die...

######
###########....#
......#...#....#
......)...#....#
.....#.@Z'....#
.##.
###o#....####
#............
#............
#............
###.............
.....o..####....
........'..'....
........#..#....#


You could see 2 orc priests and a friendly kobold zombie.

Vanquished Creatures
  Duvessa (D:4)
  A bullfrog (D:4)
  2 scorpions (D:4)
  Crazy Yiuf (D:2)
  A gnoll bouda (D:4)
  11 gnolls
  3 adders
  A ribbon worm (D:3)
  4 dart slugs
  8 orcs (D:3)
  6 endoplasms
  3 giant cockroaches
  6 goblins
  4 hobgoblins
  11 jackals
  6 quokkas
  4 ball pythons
  6 bats
  3 frilled lizards
  4 kobolds
  4 rats
90 creatures vanquished.

Notes
Turn   | Place    | Note
-------+----------+-------------------------------------------
     0 | D:1      | Gottschkopf the Minotaur Fighter began the quest for the
                  | Orb.
     0 | D:1      | Reached XP level 1. HP: 19/19 MP: 0/0
   100 | D:1      | Reached XP level 2. HP: 23/27 MP: 1/1
   545 | D:1      | Reached XP level 3. HP: 33/33 MP: 2/2
  1025 | D:2      | Reached XP level 4. HP: 41/41 MP: 3/3
  1231 | D:2      | Found a runed translucent door.
  1232 | D:2      | Noticed Crazy Yiuf
  1239 | D:2      | Killed Crazy Yiuf
  1478 | D:2      | Found a faded altar of an unknown god.
  1481 | D:2      | Prayed at the altar of an unknown god.
  1481 | D:2      | Became a worshipper of Ru the Awakened
  1490 | D:2      | Gained mutation: You cannot train Dodging skill. [Ru
                  | sacrifice]
  1490 | D:2      | Reached * piety under Ru
  1723 | D:3      | Reached skill level 1 in Staves
  1803 | D:3      | Reached XP level 5. HP: 47/47 MP: 4/4
  1877 | D:3      | Reached skill level 2 in Staves
  2406 | D:4      | Reached skill level 3 in Staves
  2446 | D:4      | Reached skill level 4 in Staves
  2455 | D:4      | Reached XP level 6. HP: 42/55 MP: 5/5
  2519 | D:4      | Reached skill level 5 in Staves
  2775 | D:4      | Reached skill level 6 in Staves
  2901 | D:4      | Found a staircase to the Ecumenical Temple.
  3008 | D:4      | Noticed Duvessa
  3022 | D:4      | Killed Duvessa
  3023 | D:4      | Reached skill level 7 in Staves
  3023 | D:4      | Reached XP level 7. HP: 8/60 MP: 6/6
  3024 | D:4      | Gained mutation: You occasionally lose the ability to drink
                  | potions when taking damage. [potion of mutation]
  3024 | D:4      | Gained mutation: You are agile. (Dex +4, Str/Int -1)
                  | [potion of mutation]
  3025 | D:4      | Slain by an orc priest

Illustrated notes

Levels and vault maps discovered:
D:1:      eino_arrival_cavern_c, layout_loops_cross
D:2:      layout_loops_corners, shapermc_ecumenical_altar_mp_urbaneastern,
          minmay_misc_feat_columns, uniq_crazy_yiuf_cottage
D:3:      layout_loops_cross, grunt_decor_mini_mirrors,
          chequers_serial_rivers_room_b
D:4:      layout_gridville, mainiacjoe_overflow_alcove_1,
          minmay_temple_entry_purple_smoke, dk_rats_in_the_wall, uniq_ijyb,
          uniq_duvessa

Skill      XL: |  1  2  3  4  5  6 |
---------------+-------------------+-----
Fighting       | 4 |  4.8
Armour         | 4 |  4.8
Shields        | 4 |  4.8
Staves         | 1 4 7 |  7.1
Maces & Flails | |  2.4

Action                     |  1- 3 |  4- 6 |  7- 9 || total
---------------------------+-------+-------+-------++-------
  Melee: Flail             |    57 |    16 |       ||    73
         Headbutt          |     7 |    15 |       ||    22
         Quarterstaff      |       |   104 |     1 ||   105
 Invoke: Sacrifice Nimblen |       |     1 |       ||     1
    Use: Potion            |       |       |     1 ||     1
 Armour: Scale mail        |    43 |    86 |     2 ||   131
  Dodge: Dodged            |    30 |    38 |     1 ||    69
  Block: Buckler           |    14 |       |       ||    14
         Tower shield      |    12 |     9 |       ||    21
